 Dungeon Crawl Stone Soup version 0.29.1-15-g9cfb28693d (webtiles) character file.

Game seed: 10763050644968577840

7817 hawla the Thaumaturge (level 11, -2/82 HPs)
             Began as a Meteoran Ice Elementalist on Mar 1, 2023.
             Was a Believer of Vehumet.
             Slain by a troll (3 damage)
             ... summoned by an orange crystal statue
             ... on level 10 of the Dungeon on Mar 2, 2023.
             The game lasted 00:27:12 (3930 turns).

hawla the Thaumaturge (Meteoran Ice Elementalist)   Turns: 3930, Time: 00:27:13

Health: -2/82      AC: 11    Str:  9    XL:     11   Next: 71%
Magic:  8/28       EV: 14    Int: 23    God:    Vehumet [**....]
Gold:   333        SH:  0    Dex: 17    Spells: 22/34 levels left

rFire   . . .      SeeInvis +   x - +6 glaive of Disembowelment {vorpal, SInv}
rCold   + . .      Faith    .   (shield currently unavailable)
rNeg    + . .      Spirit   .   q - +2 robe {Will+}
rPois   .          Reflect  .   l - +0 helmet
rElec   .          Harm     .   k - +1 cloak
rCorr   .          Rampage  .   r - +0 pair of gloves
Will    ++...                   u - +2 pair of boots
Stlth   +.........              y - amulet of Vatrem {RegenMP rN+ Int+3 Stlth-}
HPRegen 0.23/turn               s - ring of protection from cold
MPRegen 0.61/turn               C - ring of wizardry

@: glowing
A: sense surroundings 2, otherworldly, glowing, explore regen
a: Renounce Religion


You were on level 10 of the Dungeon.
You worshipped Vehumet.
Vehumet was pleased with you.
You visited 2 branches of the dungeon, and saw 12 of its levels.

You collected 333 gold pieces.

Inventory:

Hand Weapons
 j - a +2 quarterstaff of chaos
 x - the +6 glaive of Disembowelment (weapon) {vorpal, SInv}
   (You took it off an orc on level 10 of the Dungeon)

   It inflicts extra damage upon your enemies.
   SInv:      It lets you see invisible.
Armour
 a - +0 steam dragon scales
 k - a +1 cloak (worn)
 l - a +0 helmet (worn)
 q - a +2 robe of willpower (worn)
 r - a +0 pair of gloves (worn)
 u - a +2 pair of boots (worn)
Magical Staves
 B - a staff of death
Jewellery
 c - an amulet of regeneration
 m - a ring of positive energy
 s - a ring of protection from cold (left hand)
 y - the amulet of Vatrem (around neck) {RegenMP rN+ Int+3 Stlth-}
   (You found it on level 10 of the Dungeon)

   [amulet of magic regeneration]

   It increases your rate of magic regeneration.
   Int:       It affects your intelligence (+3).
   rN:        It protects you from negative energy.
   Stlth:     It makes you less stealthy.
 C - a ring of wizardry (right hand)
Scrolls
 b - 2 scrolls of fear {unknown}
 e - a scroll of fog {unknown}
 i - 2 scrolls of teleportation
 n - 3 scrolls of poison {unknown}
 o - 6 scrolls of identify
 t - a scroll of noise {unknown}
 v - a scroll of enchant armour
 A - a scroll of torment {unknown}
Potions
 f - 3 potions of attraction
 g - a potion of resistance
 h - 4 potions of flight
 p - a potion of berserk rage {unknown}
 w - a potion of brilliance {unknown}
 z - a potion of invisibility {unknown}


   Skills:
 + Level 3.3 Fighting
 + Level 3.2(3.8) Polearms
 + Level 3.0(3.6) Staves
 + Level 5.1 Dodging
 - Level 1.4 Stealth
 + Level 12.0 Spellcasting
 + Level 7.4 Conjurations
 + Level 5.0 Necromancy
 + Level 11.3 Ice Magic


You had 22 spell levels left.
You knew the following spells:

 Your Spells              Type           Power      Damage    Failure   Level
a - Freeze                Ice            100%       1d11      1%          1
b - Frozen Ramparts       Ice            100%       1d16      1%          3
c - Hailstorm             Conj/Ice       54%        3d12      1%          4
d - Dispel Undead         Necr           36%        3d15      2%          4

Your spell library contained the following spells:

 Spells                   Type           Power      Damage    Failure   Level
 Sandblast                Erth           26%        2d8       1%          1
 Static Discharge         Conj/Air       30%        3-7/arc   1%          2
 Ozocubu's Armour         Ice            60%        N/A       1%          3
 Sticky Flame             Conj/Fire      30%        2d5       4%          4


Dungeon Overview and Level Annotations

Branches:
Dungeon (11/15) Zot: 2818  Temple (1/1) D:5 Zot: 352
   Lair: D:8-11         Orc: D:9-12

Altars:
Ashenzari
Cheibriados
Dithmenos
Elyvilon
Fedhas
Gozag
Hepliaklqana
Kikubaaqudgha
Makhleb
Nemelex Xobeh
Okawaru
Qazlal
Ru
Sif Muna
Uskayaw
Vehumet
Wu Jian
Xom
Yredelemnul
Zin
The Shining One

Annotations:
D:10 exclusion: orange crystal statue


Innate Abilities, Weirdness & Mutations

You passively map the area around you.
You are easily found by Zot.
You glow in the dark.
You regain HP and MP as you explore.


Message History

You kill the orc warrior!
The orc warrior's corpse dissolves into shadows!
The hail pelts the orc!!
You kill the orc!
The orc's corpse dissolves into shadows!
The hail pelts the orange crystal statue!
The orange crystal statue partially resists.
The orange crystal statue is severely damaged.
The hail pelts the orc priest!!
You kill the orc priest!
The orc priest's corpse dissolves into shadows!
The six-headed hydra misses you. The six-headed hydra bites you.
The six-headed hydra bites you!
The six-headed hydra bites you but does no damage. x3
The troll bites you but does no damage. The troll closely misses you.
The troll claws you but does no damage.
Casting: Hailstorm (safe; 1% risk of failure)
Confirm with . or Enter, or press ? or * to list all spells.
Casting: Hailstorm (safe; 1% risk of failure)
Press: ? - help, Dir - look around, f - activate A cannonade of hail descends around you!
The hail pelts the orange crystal statue!
The orange crystal statue partially resists.
The orange crystal statue is almost destroyed.
The orange crystal statue glitters.
The six-headed hydra bites you. x3
The six-headed hydra completely misses you.
The six-headed hydra bites you!
* * * LOW HITPOINT WARNING * * *
The six-headed hydra bites you.
* * * LOW HITPOINT WARNING * * *
The troll bites you.
* * * LOW HITPOINT WARNING * * *
The troll misses you. The troll claws you but does no damage.
You feel better.
The orange crystal statue glitters.
You easily resist.
The troll bites you!
* * * LOW HITPOINT WARNING * * *
The troll claws you.
You die...

....#.....#.....#.....#..........
....#.....#.....'.....#..........
....'.....#.....#####'#..........
....#.....#.....#.....#..........
....#######.....#<....##'####'###
.>..............#.....#.(.......#
####............'.....#.(.......'
...#..................#.........#
...#.......###.D@T.#####........#
...#.......#..)888(...##...######
...#.......#..)888l...##...#.....
...#.......#...888$....[...#.....
...........#..l............#.)...
...........#......######...#.....
....########...#.......#...#.....
....# #....#......c#####.....
....# ##...#.................


You could see a six-headed hydra (summoned), an orange crystal statue, a komodo
dragon (summoned), a troll (summoned) and a wyvern (summoned).

Vanquished Creatures
  A two-headed ogre (D:11)
  Pikel (D:6)
  A cyclops (D:11)
  A gargoyle (D:11)
  A troll (D:11)
  4 slime creatures (D:10)
  2 hornets (D:10)
  Sigmund (D:4)
  A wyvern (D:8)
  14 yaks (D:11)
  3 steam dragons
  The ghost of CInkIbrahim the Slasher, an amateur DsGl (D:4)
  Menkaure (D:5)
  Edmund (D:4)
  Duvessa (D:4)
  2 orc warriors (D:10)
  A sky beast (D:8)
  2 ogres
  A centaur (D:10)
  A phantom (D:4)
  2 kobold brigands
  A water moccasin zombie (D:5)
  Dowan (D:4)
  5 killer bees (D:11)
  A howler monkey (D:6)
  A bullfrog zombie (D:5)
  An orc priest (D:8)
  Crazy Yiuf (D:3)
  2 iguanas
  5 orc wizards
  A scorpion zombie (D:5)
  Robin (D:3)
  8 gnolls
  7 adders
  2 white imps (D:5)
  2 worms
  13 orcs
  A bat (D:2)
  2 endoplasms
  15 goblins
  6 hobgoblins
  5 jackals
  7 kobolds
  3 quokkas
  2 frilled lizards (D:2)
  2 rats (D:3)
138 creatures vanquished.

Vanquished Creatures (collateral kills)
  A hound skeleton (D:5)
1 creature vanquished.

Grand Total: 139 creatures vanquished

Notes
Turn   | Place    | Note
-------+----------+-------------------------------------------
     0 | D:1      | hawla the Meteoran Ice Elementalist began the quest for the
                  | Orb.
     0 | D:1      | Reached XP level 1. HP: 14/14 MP: 5/5
    13 | D:1      | You fall into a shaft and drop 1 floor!
    66 | D:2      | Reached XP level 2. HP: 15/20 MP: 4/6
    80 | D:2      | Reached skill level 5 in Ice Magic
   142 | D:2      | Reached skill level 3 in Spellcasting
   178 | D:2      | Reached XP level 3. HP: 14/26 MP: 4/8
   188 | D:2      | Learned a level 3 spell: Frozen Ramparts
   356 | D:3      | Found a runed translucent door.
   357 | D:3      | Noticed Crazy Yiuf
   363 | D:3      | Killed Crazy Yiuf
   364 | D:3      | Reached XP level 4. HP: 21/33 MP: 3/10
   434 | D:3      | Noticed Robin
   447 | D:3      | Killed Robin
   448 | D:3      | Reached skill level 4 in Spellcasting
   448 | D:3      | Reached XP level 5. HP: 13/38 MP: 5/12
   490 | D:4      | Learned a level 4 spell: Hailstorm
   502 | D:4      | Found a runed translucent door.
   503 | D:4      | Noticed CInkIbrahim's ghost (amateur DsGl)
   515 | D:4      | Killed CInkIbrahim's ghost
   516 | D:4      | Reached XP level 6. HP: 39/45 MP: 5/13
   577 | D:4      | Reached skill level 5 in Conjurations
   616 | D:4      | Reached XP level 7. HP: 38/50 MP: 6/14
   803 | D:4      | Noticed Edmund
   808 | D:4      | Killed Edmund
   809 | D:4      | Reached skill level 5 in Spellcasting
   882 | D:4      | Noticed Dowan
   888 | D:4      | Killed Dowan
   889 | D:4      | Reached skill level 1 in Fighting
   900 | D:4      | Noticed Duvessa
   912 | D:4      | Killed Duvessa
   913 | D:4      | Reached XP level 8. HP: 9/59 MP: 3/17
  1060 | D:4      | Reached skill level 1 in Staves
  1217 | D:4      | Noticed Sigmund
  1220 | D:4      | Killed Sigmund
  1221 | D:4      | Reached skill level 6 in Spellcasting
  1250 | D:5      | Entered Level 5 of the Dungeon
  1521 | D:5      | Found a staircase to the Ecumenical Temple.
  1530 | Temple   | Entered the Ecumenical Temple
  1708 | Temple   | Became a worshipper of Vehumet
  1750 | D:5      | Noticed Menkaure
  1782 | D:5      | Killed Menkaure
  1787 | D:5      | Reached skill level 7 in Spellcasting
  1787 | D:5      | Gained mutation: You passively map the area around you.
                  | [Meteoran growth]
  1787 | D:5      | Reached XP level 9. HP: 17/67 MP: 1/20
  1981 | D:6      | Noticed Pikel
  1990 | D:6      | Killed Pikel
  1991 | D:6      | Reached skill level 8 in Spellcasting
  2021 | D:7      | Learned a level 4 spell: Dispel Undead
  2081 | D:8      | Reached XP level 10. HP: 52/74 MP: 6/23
  2181 | D:8      | Reached skill level 5 in Necromancy
  2230 | D:8      | You fall into a shaft and drop 2 floors!
  2230 | D:10     | Entered Level 10 of the Dungeon
  2365 | D:10     | Reached * piety under Vehumet
  2365 | D:10     | Offered knowledge of Shock by Vehumet.
  2400 | D:10     | Noticed an orange crystal statue
  2400 | D:10     | Found the +10 zealot's sword {holy, *Rage rN+ EV+3}
  2453 | D:10     | Reached skill level 9 in Spellcasting
  2479 | D:10     | Found a glowing golden altar of the Shining One.
  2480 | D:10     | Found a glowing silver altar of Zin.
  2492 | D:10     | Found a sparkling altar of Nemelex Xobeh.
  2754 | D:10     | Reached skill level 10 in Spellcasting
  2795 | D:10     | Identified the +6 glaive of Disembowelment {vorpal, SInv}
  2935 | D:10     | Noticed a two-headed ogre
  3058 | D:10     | Identified the amulet of Vatrem {RegenMP rN+ Int+3 Stlth-}
  3105 | D:11     | Noticed a cyclops
  3111 | D:11     | Killed a cyclops
  3112 | D:11     | Reached skill level 1 in Polearms
  3224 | D:11     | Noticed a two-headed ogre
  3236 | D:11     | Killed a two-headed ogre
  3237 | D:11     | Reached skill level 10 in Ice Magic
  3237 | D:11     | Reached XP level 11. HP: 12/81 MP: 20/26
  3437 | D:11     | Reached skill level 11 in Spellcasting
  3445 | D:11     | Reached skill level 5 in Dodging
  3462 | D:11     | Reached ** piety under Vehumet
  3869 | D:9      | Offered knowledge of Sandblast by Vehumet.
  3875 | D:10     | Reached skill level 12 in Spellcasting
  3926 | D:10     | Noticed a six-headed hydra
  3929 | D:10     | HP: 4/82 [troll[an orange crystal statue] (5)]
  3930 | D:10     | HP: 1/82 [troll[an orange crystal statue] (13)]
  3930 | D:10     | Slain by a troll

Illustrated notes

Levels and vault maps discovered:
D:1:      dpeg_arrival_subterranean_lakeside_camping, layout_rooms,
          shapermc_ecumenical_altar_starsandcircs
D:2:      layout_basic, grunt_ministairs_15
D:3:      layout_loops_cross, gammafunk_ghost_split, uniq_jessica, uniq_robin,
          uniq_ijyb, uniq_crazy_yiuf_cottage
D:4:      layout_basic, gammafunk_ghost_grave, minmay_misc_feat_roman,
          minmay_puff, uniq_edmund, uniq_duvessa, uniq_sigmund
D:5:      layout_layer_cave, lemuel_temple_firewalk_b, serial_undead,
          serial_undead_f, serial_undead_c, serial_undead_f, serial_undead_b,
          uniq_menkaure
D:6:      layout_loops_ring, uniq_eustachio, uniq_pikel
D:7:      layout_rooms, trog_three_pillars_becter
D:8:      layout_rooms, abandoned_shop, kennysheep_generic_room_5, uniq_erica,
          uniq_psyche
D:9:      layout_layer_cave, dpeg_lair_monsters
D:10:     layout_gridville, chequers_temple_overflow_statue_of_worship,
          minmay_protected_statue
D:11:     layout_long_grid
Temple:   regret_index_temple_mists

Skill      XL: |  1  2  3  4  5  6  7  8  9 10 11 |
---------------+----------------------------------+-----
Ice Magic      | 5 6 7 8 10 11 | 11.3
Spellcasting   | 3 4 5 7 8 10 12 | 12.0
Conjurations   | 4 5 6 7 |  7.4
Dodging        | 3 4 5 |  5.1
Fighting       | 1 2 3 |  3.3
Staves         | 1 2 3 |  3.0
Necromancy     | 4 5 |  5.0
Polearms       | 1 3 |  3.2
Stealth        | |  1.4

Action                   |  1- 3 |  4- 6 |  7- 9 | 10-12 || total
-------------------------+-------+-------+-------+-------++-------
Melee: Unarmed           |     1 |       |       |       ||     1
       Quarterstaff      |       |    25 |    17 |    30 ||    72
       Glaive            |       |       |       |    30 ||    30
 Cast: Freeze            |    25 |    11 |    26 |    44 ||   106
       Frozen Ramparts   |     3 |     6 |    21 |    21 ||    51
       Hailstorm         |       |     1 |    31 |    61 ||    93
  Use: Potion            |       |     2 |     3 |     4 ||     9
       Scroll            |       |     3 |     5 |     1 ||     9
 Stab: Paralysed         |       |       |       |     1 ||     1
Armor: Robe              |     2 |    13 |    11 |    16 ||    42
       Steam dragon scal |       |       |       |    41 ||    41
       Skin              |       |       |       |     3 ||     3
Dodge: Dodged            |     8 |    30 |    27 |    83 ||   148
